 Dungeon Crawl Stone Soup version 0.30-a0-748-ge6a52f7cba (webtiles) character file.

Game seed: 5041789670583294921

7178 BigDaddyOpFi the Protected (level 10, -8/94 HPs)
             Began as an Armataur Fighter on Feb 7, 2023.
             Was an Initiate of Okawaru.
             Mangled by a tentacled starspawn (32 damage)
             ... on level 2 of the Abyss on Feb 8, 2023.
             The game lasted 00:12:11 (9525 turns).

BigDaddyOpFi the Protected (Armataur Fighter)       Turns: 9525, Time: 00:12:12

Health: -8/94      AC: 23    Str: 25    XL:     10   Next: 86%
Magic:  12/12      EV:  9    Int:  9    God:    Okawaru [......]
Gold:   1092       SH:  6    Dex: 10    Spells: 9/9 levels left

rFire   . . .      SeeInvis .    a - +4 war axe
rCold   + + .      Faith    .    c - +0 buckler
rNeg    . . .      Spirit   .    D - +6 chain mail of the Kangaroo {Harm rPois rC++ Regen+}
rPois   +          Reflect  .    l - +0 hat
rElec   .          Harm     +    w - scarf {shadows}
rCorr   .          Roll     +    (no gloves)
Will    .....                    n - +1 barding Stlth
                                 (no amulet)
HPRegen 0.00/turn                y - +4 ring of slaying
MPRegen 0.13/turn                C - +5 ring of evasion

@: about to teleport, sick, inhibited regen
A: large, rugged brown scales 3, deformed body, armoured tail, roll, long
tongue, awkward tongue, [inhibited regeneration]
a: Renounce Religion


You were on level 2 of the Abyss.
You worshipped Okawaru.
Okawaru was noncommittal.
You visited 2 branches of the dungeon, and saw 10 of its levels.
You visited the Abyss 2 times.
You also visited: Ossuary.

You collected 1092 gold pieces.

Inventory:

Hand Weapons
 a - a +4 war axe (weapon)
Armour
 b - the +1 crystal plate armour of Responsibility {rF+ rCorr}
   (You acquired it on level 3 of the Dungeon)

   rF:        It protects you from fire.
   rCorr:     It protects you from acid and corrosion.
 c - a +0 buckler (worn)
 l - a +0 hat (worn)
 n - a +1 barding (worn)
 w - a scarf of shadows (worn)
 D - the +6 chain mail of the Kangaroo (worn) {Harm rPois rC++ Regen+}
   (You took it off an orc on level 8 of the Dungeon)

   rC:        It greatly protects you from cold.
   rPois:     It protects you from poison.
   Regen:     It increases your rate of health regeneration.
   Harm:      It increases damage dealt and taken.
Jewellery
 d - a +4 ring of slaying
 f - a ring of see invisible
 k - a +6 ring of strength
 s - an amulet of magic regeneration
 v - a ring of resist corrosion
 y - a +4 ring of slaying (left hand)
 C - a +5 ring of evasion (right hand)
Wands
 t - a wand of flame (21)
 x - a wand of paralysis (8)
 B - a wand of polymorph (9)
 G - a wand of roots (7)
Scrolls
 g - 3 scrolls of fog
 h - 2 scrolls of immolation
 i - 6 scrolls of teleportation
 j - a scroll of fear
 H - a scroll of silence
 L - a scroll of poison
 M - 2 scrolls of amnesia
Potions
 e - a potion of mutation
 m - a potion of berserk rage {unknown}
 o - 3 potions of degeneration
 p - 3 potions of flight
 r - 2 potions of brilliance
 u - a potion of haste {unknown}
 z - a potion of magic
 A - 2 potions of lignification
 E - 2 potions of ambrosia {unknown}
 F - 3 potions of curing
 I - a potion of invisibility {unknown}
 J - 3 potions of might
 K - a potion of attraction {unknown}


   Skills:
 + Level 8.0 Fighting
 + Level 7.1 Axes
 + Level 10.5 Armour
 + Level 9.6 Shields
 * Level 3.4 Invocations


You had 9 spell levels left.
You didn't know any spells.
Your spell library contained the following spells:

 Spells                   Type           Power      Damage    Failure   Level
 Beastly Appendage        Tmut           0%         N/A       93%         1
 Magic Dart               Conj           0%         1d3       93%         1
 Slow                     Hex            0%         N/A       93%         1
 Sting                    Tmut/Pois      0%         1d3       93%         1
 Ensorcelled Hibernation  Hex/Ice        0%         N/A       98%         2
 Passwall                 Tmut/Erth      0%         N/A       98%         2
 Poisonous Vapours        Pois/Air       0%         N/A       98%         2
 Searing Ray              Conj           0%         2d4       98%         2
 Wereblood                Tmut           0%         N/A       98%         2
 Confusing Touch          Hex            0%         N/A       100%        3
 Ozocubu's Armour         Ice            0%         N/A       100%        3
 Spider Form              Tmut/Pois      0%         N/A       100%        3
 Swiftness                Air            0%         N/A       100%        3
 Vampiric Draining        Necr           0%         2d6       100%        3
 Fulminant Prism          Conj/Hex       0%         3d5       100%        4
 Olgreb's Toxic Radiance  Pois           0%         N/A       100%        4
 Metabolic Englaciation   Hex/Ice        0%         N/A       100%        5
 Simulacrum               Ice/Necr       Unusable   N/A       N/A         6

Dungeon Overview and Level Annotations

Branches:
Dungeon (9/15)             Temple (1/1) D:5         Ossuary (visited)
   Lair: D:8-11         Orc: D:9-12

Altars:
Elyvilon
Gozag
Hepliaklqana
Makhleb
Nemelex Xobeh
Okawaru
Trog
Wu Jian
The Shining One

Shops:
D:7 *


Innate Abilities, Weirdness & Mutations

You are completely covered in rugged brown scales. (AC +3, +7% HP)
Armour fits poorly on your strangely shaped body.
You have a long armoured tail.
You roll when moving toward enemies. (Rampage)
Your long tongue fully drains potion bottles. (2x potion effects)
Your tongue gives you trouble enunciating. (1.5x scroll delay)
[You do not regenerate when monsters are visible.]


Message History

You destroy the small abomination!
That felt strangely unrewarding.
You slash the ancient zyme! The ancient zyme hits you!
The ancient zyme barely misses you.
You slash the ancient zyme!
The ancient zyme is almost destroyed.
The ancient zyme completely misses you. The ancient zyme barely misses you.
You feel ill.
You hit the ancient zyme.
The ancient zyme is almost destroyed.
The ancient zyme hits you but does no damage.
You block the ancient zyme's attack. The ancient zyme barely misses you.
The ancient zyme hits you but does no damage.
You feel ill.
You slash the ancient zyme!
You destroy the ancient zyme!
That felt strangely unrewarding.
You start resting.
A smoke demon appears in a shower of translocational energy.
The smoke demon gestures at you. Something smites you!
* * * LOW HITPOINT WARNING * * *
A large abomination comes into view.
You roll towards the large abomination!
What are your orders? t - Shout!
Orders for allies: a - Attack new target. r - Retreat! s - Stop attacking. g - Guard the area. f - Follow me.
Anything else - Cancel.
Retreat in which direction?
Press: ? - help, Dir - move target, f - you
Okay, then.
As you slowly read the scroll of teleportation, it crumbles to dust.
You feel strangely unstable.
You feel the power of the Abyss delaying your translocation!
A small abomination comes into view.
A tentacled starspawn comes into view.
A wraith comes into view.
The tentacled starspawn bites you!!
You die...

##. # .# ...
#W...#
..#.#.#.
#.ยง....###
# ...#..#.#
#.#X#.....
#..@#.#.##..
##.....x...#
#.##...#...
......#..#
.###...#...#
# ##...##...
##.# ..#.
#.. ... #.
##


You could see a tentacled starspawn, a wraith (wandering) and a small
abomination.

Vanquished Creatures
  Erolcha (D:9)
  A two-headed ogre (D:6)
  Pikel (D:8)
  An unseen horror (D:7)
  An ancient zyme (Abyss:2)
  Prince Ribbit (D:5)
  Sigmund (D:4)
  6 yaks (D:9)
  Edmund (D:6)
  An orc warrior (D:6)
  A sky beast (D:8)
  2 black bears (D:4)
  3 ice beasts
  3 centaurs
  3 ogres
  4 lemures
  A phantom (D:7)
  2 small abominations (Abyss:2)
  A kobold brigand (D:9)
  Blork the orc (D:4)
  5 bullfrogs
  4 necrophages
  4 scorpions
  6 wights
  9 killer bees
  3 howler monkeys
  3 hounds
  2 jellies
  5 orc priests
  3 iguanas
  10 orc wizards
  8 mummies (Ossuary)
  4 gnolls (D:4)
  12 adders
  2 white imps
  A worm (D:3)
  2 dart slugs
  29 orcs
  9 bats
  6 endoplasms
  2 giant cockroaches (D:4)
  3 goblins
  6 hobgoblins
  4 jackals (D:4)
  A quokka (D:1)
  9 ball pythons
  5 frilled lizards
  A gnoll zombie (Ossuary)
  2 hobgoblin zombies (Ossuary)
  20 kobolds
  3 kobold zombies (Ossuary)
  2 orc zombies (Ossuary)
  4 rats
225 creatures vanquished.

Notes
Turn   | Place    | Note
-------+----------+-------------------------------------------
     0 | D:1      | BigDaddyOpFi the Armataur Fighter began the quest for the
                  | Orb.
     0 | D:1      | Reached XP level 1. HP: 19/19 MP: 1/1
   155 | D:1      | Reached XP level 2. HP: 26/26 MP: 2/2
   318 | D:1      | Reached skill level 4 in Armour
   420 | D:1      | Found a faded altar of an unknown god.
   816 | D:2      | Reached XP level 3. HP: 33/33 MP: 3/3
  1848 | D:3      | Identified a scroll of acquirement
  1848 | D:3      | Acquired the +1 crystal plate armour of Responsibility {rF+
                  | rCorr}
  2004 | D:3      | Reached XP level 4. HP: 40/40 MP: 4/4
  2337 | D:4      | Noticed Sigmund
  2343 | D:4      | Killed Sigmund
  2344 | D:4      | Reached skill level 5 in Armour
  2344 | D:4      | Reached XP level 5. HP: 35/49 MP: 5/5
  2409 | D:4      | Reached XP level 6. HP: 39/55 MP: 6/6
  2620 | D:4      | Noticed Blork the orc
  2626 | D:4      | Killed Blork the orc
  2627 | D:4      | Reached skill level 5 in Shields
  2660 | D:4      | Reached XP level 7. HP: 58/63 MP: 7/7
  2976 | D:4      | Reached skill level 6 in Armour
  3387 | D:5      | Entered Level 5 of the Dungeon
  3463 | D:5      | Reached XP level 8. HP: 71/71 MP: 8/8
  3486 | D:5      | Found a staircase to the Ecumenical Temple.
  3523 | D:5      | Noticed Prince Ribbit
  3544 | D:5      | Killed Prince Ribbit
  3545 | D:5      | Reached skill level 5 in Fighting
  3561 | Temple   | Entered the Ecumenical Temple
  3667 | Temple   | Became a worshipper of Warmaster Okawaru
  3706 | D:5      | Reached skill level 7 in Armour
  4015 | D:5      | Found a burning altar of Makhleb.
  4084 | D:5      | Found a bloodstained altar of Trog.
  4774 | D:6      | Noticed a two-headed ogre
  4774 | D:6      | Paralysed by a wight for 4 turns
  4781 | D:6      | Killed a two-headed ogre
  4782 | D:6      | Reached skill level 5 in Axes
  4782 | D:6      | Reached skill level 8 in Armour
  4782 | D:6      | Reached XP level 9. HP: 43/80 MP: 9/9
  4786 | D:6      | Reached * piety under Okawaru
  5092 | D:6      | Upgraded the game from 0.30-a0-743-gbfdf073431 to
                  | 0.30-a0-748-ge6a52f7cba
  5148 | D:6      | Noticed Edmund
  5154 | D:6      | Killed Edmund
  5924 | D:7      | Killed an unseen horror
  5925 | D:7      | Reached skill level 9 in Armour
  6303 | D:6      | Reached ** piety under Okawaru
  6306 | D:6      | Reached XP level 10. HP: 42/92 MP: 10/10
  7341 | D:7      | Found a hazy altar of Hepliaklqana.
  7367 | D:7      | Found Vimiutemn's Assorted Antiques.
  7971 | D:8      | Identified the +6 chain mail of the Kangaroo {Harm rPois
                  | rC++ Regen+}
  8039 | D:8      | Noticed Pikel
  8047 | D:8      | Killed Pikel
  8109 | D:8      | Found a sand-covered staircase.
  8118 | Ossuary  | Entered an ossuary
  8533 | D:8      | Reached skill level 10 in Armour
  8742 | D:8      | Reached *** piety under Okawaru
  8921 | D:9      | Reached skill level 1 in Invocations
  9058 | D:9      | Noticed Erolcha
  9059 | Abyss:1  | Cast into level 1 of the Abyss (Erolcha)
  9091 | Abyss:1  | Found a corrupted altar of Lugonu.
  9099 | Abyss:1  | Fell from the grace of Okawaru
  9099 | Abyss:1  | Became a worshipper of Lugonu the Unformed
  9099 | Abyss:1  | Reached * piety under Lugonu
  9099 | Abyss:1  | Reached ** piety under Lugonu
  9100 | D:9      | Escaped the Abyss
  9112 | D:9      | Killed Erolcha
  9287 | Temple   | Fell from the grace of Lugonu
  9287 | Temple   | Became a worshipper of Warmaster Okawaru
  9350 | D:7      | Noticed a starcursed mass
  9350 | Abyss:2  | Cast into level 2 of the Abyss (Lugonu's touch)
  9373 | Abyss:2  | Noticed a wretched star
  9423 | Abyss:2  | Noticed a thrashing horror
  9423 | Abyss:2  | Noticed a thrashing horror
  9495 | Abyss:2  | Noticed a smoke demon
  9523 | Abyss:2  | Noticed a tentacled starspawn
  9525 | Abyss:2  | Mangled by a tentacled starspawn

Illustrated notes

Levels and vault maps discovered:
D:1:      lightli_arrival_windingriver, layout_basic,
          hellmonk_ecumenical_altar_arch_garden, st_stairs_1
D:2:      layout_basic
D:3:      layout_loops_corners
D:4:      minmay_polygon_palace, layout_basic, uniq_sigmund, uniq_blork_the_orc
D:5:      layout_basic, mainiacjoe_overflow_catch_the_wave,
          minmay_temple_entry_junction_2, uniq_prince_ribbit1
D:6:      layout_basic, uniq_edmund
D:7:      layout_basic, marbit_many_paths, nicolae_zen_rock_garden,
          minmay_shop_grid_forest
D:8:      layout_loops_cross, chequers_ossuary_entry_cave, uniq_pikel
D:9:      layout_irregular_city, lemuel_doored_altar, uniq_erolcha,
          uniq_amaemon, uniq_joseph
Temple:   hc_temple_tempest_star
Abyss:2:  base: D:4, hangedman_shadowy_showcase,
          onia_ninara_dug_in_and_dangerous

Skill      XL: |  1  2  3  4  5  6  7  8  9 10 |
---------------+-------------------------------+-----
Armour         | 4 5 6 8 9 10 | 10.5
Fighting       | 3 4 6 7 8 |  8.0
Axes           | 2 3 4 5 6 7 |  7.1
Shields        | 4 5 6 7 8 9 |  9.6
Invocations    | 3 |  3.4

Action                     |  1- 3 |  4- 6 |  7- 9 | 10-12 || total
---------------------------+-------+-------+-------+-------++-------
  Melee: War axe           |    94 |    37 |   229 |   159 ||   519
         Tailslap          |     9 |     4 |    24 |    19 ||    56
 Invoke: Depart the Abyss  |       |       |       |     1 ||     1
    Use: Scroll            |     9 |       |       |    14 ||    23
         Potion            |       |     1 |     7 |     3 ||    11
   Stab: Distracted        |       |       |     1 |       ||     1
 Armour: Scale mail        |    36 |       |       |       ||    36
         Chain mail        |     9 |       |       |    70 ||    79
         Crystal plate arm |     1 |    32 |   210 |    55 ||   298
  Dodge: Dodged            |    32 |     2 |    49 |    83 ||   166
  Block: Buckler           |    13 |     4 |    74 |    58 ||   149

Table legend: (Time is in decaauts)
 A = Elapsed time spent in this place.
 B = Non-inter-level travel time spent in this place.
 C = Inter-level travel time spent in this place.
 D = Time resting spent in this place.
 E = Time spent auto-exploring this place.
 F = Levels seen in this place.
 G = Mean time per level.
                   A        B        C        D        E       F      G
               +--------+--------+--------+--------+--------+-----+--------+
         Total |   9686 |   9320 |    366 |   1163 |   6552 |  13 |  745.1 |
       Dungeon |   9147 |   8808 |    339 |   1132 |   6342 |   9 | 1016.3 |
        Temple |    135 |    108 |     27 |      0 |     94 |   1 |  135.0 |
         Abyss |    221 |    221 |      0 |     31 |      0 |   2 |  110.5 |
       Ossuary |    182 |    182 |      0 |      0 |    116 |   1 |  182.0 |
               +--------+--------+--------+--------+--------+-----+--------+

Top non-repeatable levels by time:
     D:6: 2094 daAuts
     D:7: 1417 daAuts
     D:4: 1084 daAuts
     D:5: 1050 daAuts
     D:3: 944 daAuts
     D:8: 808 daAuts
     D:2: 739 daAuts
     D:1: 696 daAuts
     D:9: 311 daAuts
 Ossuary: 182 daAuts
 Abyss:2: 179 daAuts
  Temple: 135 daAuts
 Abyss:1: 41 daAuts
